Map: Jagannatha LE

Players

Vanya - Winner!

  • Race: Zerg Zerg
  • League: Master

Krystianer

  • Race: Protoss Protoss
  • League: Grandmaster

Event: DreamHack SC2 Masters 2021 Summer

VOD

Have the link to the VOD?

Description

Time

  • Played on: May 28, 2021, 11:33 a.m.
  • Length: 9:08

All games in this series

Show
View Real Time Build Order
Export as new Build Order

Vanya Zerg - Winner!

Build Orders: Hatch First 

Get SALT Encoding   

  12  0:00  Drone  
  13  0:12  Overlord  
  13  0:17  Drone  
  14  0:30  Drone x2  
  16  0:48  Hatchery  
  15  0:52  Drone  
  15  0:55  Drone  
  17  1:00  Drone  
  18  1:09  Extractor  
  17  1:14  Spawning Pool  
  17  1:17  Drone  
  17  1:21  Drone  
  18  1:28  Drone  
  19  1:39  Drone  
  20  1:49  Overlord  
  20  2:01  Queen x2  
  20  2:02  Zergling x4  
  26  2:12  Drone x2  
  26  2:13  Metabolic Boost  
  28  2:21  Drone  
  28  2:22  Drone  
  30  2:37  Hatchery  
  30  2:41  Drone  
  30  2:43  Drone  
  31  2:47  Queen  
  33  2:53  Overlord  
  33  2:55  Drone  
  34  2:59  Drone x2  
  34  3:04  Spore Crawler, Drone  
  36  3:12  Queen  
  36  3:15  Drone x2  
  36  3:16  Overlord  
  36  3:18  Drone  
  41  3:22  Drone x2  
  43  3:27  Drone  
  43  3:34  Queen  
  44  3:37  Zergling x4  
  48  3:43  Drone  
  48  3:44  Drone x3  
  51  3:49  Spore Crawler  
  51  3:50  Overlord  
  51  3:52  Drone  
  51  3:53  Drone  
  51  3:54  Drone  
  51  3:55  Drone  
  54  3:57  Drone  
  54  4:01  Queen  
  57  4:07  Overlord  
  57  4:10  Spore Crawler, Drone  
  57  4:17  Drone x5  
  57  4:22  Queen  
  64  4:27  Queen  
  64  4:28  Overlord  
  64  4:30  Drone  
  67  4:35  Roach Warren, Drone  
  67  4:42  Drone x4  
  67  4:43  Extractor, Drone  
  67  4:44  Drone  
  67  4:45  Extractor  
  71  4:48  Overlord  
  71  4:54  Queen  
  71  4:57  Overlord x2  
  73  5:03  Zergling x2  
  74  5:14  Roach x8  
  74  5:16  Overlord  
  90  5:23  Zergling x8  
  93  5:31  Zergling x12  
  98  5:35  Ravager  
  98  5:36  Ravager x2  
  98  5:38  Zergling x6  
  98  5:41  Ravager  
  98  5:42  Zergling x6  
  106  5:51  Queen x2  
  106  5:54  Lair  
  106  5:56  Overlord  
  110  5:59  Zergling x2  
  110  6:00  Zergling x4  
  110  6:01  Ravager  
  113  6:13  Zergling x4  
  113  6:17  Zergling x16  
  114  6:36  Queen  
  114  6:37  Zergling x14  
  114  6:40  Queen  
  114  6:48  Ravager x2  
  112  6:55  Hydralisk Den  
  112  6:57  Drone x5  
  112  7:00  Drone  
  110  7:07  Extractor, Drone  
  109  7:10  Extractor, Evolution Chamber  
  109  7:11  Extractor  
  109  7:14  Queen  
  106  7:15  Drone  
  106  7:16  Drone x2  
  106  7:21  Drone x2  
  106  7:22  Hatchery, Drone  
  105  7:26  Grooved Spines  
  105  7:29  Hydralisk x7  
  108  7:39  Hydralisk  
  108  7:43  Hydralisk x3  
  110  7:51  Hydralisk x2  
  110  7:58  Overlord x3  
  105  8:09  Drone  
  103  8:15  Hydralisk x4  
  103  8:16  Hydralisk  
  104  8:25  Hydralisk x2  
  104  8:26  Zergling x10  
  113  8:31  Hydralisk  
  113  8:32  Hydralisk  
  117  8:34  Hydralisk  
  119  8:43  Hydralisk x3  
Show
View Real Time Build Order
Export as new Build Order

Krystianer Protoss 

Build Orders: 1 Gate Expand 

Get SALT Encoding   

  12  0:00  Probe  
  13  0:12  Probe  
  14  0:19  Pylon  
  14  0:24  Probe  
  15  0:37  Probe (Chrono Boost)  
  15  0:41  Gateway  
  16  0:47  Probe (Chrono Boost)  
  17  0:50  Assimilator  
  17  0:52  Probe (Chrono Boost)  
  18  1:04  Probe  
  19  1:16  Probe  
  20  1:27  Nexus  
  20  1:38  Cybernetics Core  
  20  1:41  Probe  
  21  1:47  Assimilator  
  21  1:53  Probe  
  22  1:57  Pylon  
  22  2:05  Probe  
  23  2:12  Adept (Chrono Boost)  
  25  2:17  Probe  
  25  2:21  Stargate  
  27  2:30  Probe (Chrono Boost)  
  27  2:34  Warp Gate  
  27  2:35  Adept  
  29  2:41  Probe x2 (Chrono Boost)  
  31  2:49  Probe x2 (Chrono Boost)  
  33  2:54  Probe (Chrono Boost)  
  33  2:56  Probe  
  35  2:59  Void Ray (Chrono Boost)  
  35  3:05  Probe  
  40  3:12  Gateway  
  40  3:13  Probe  
  40  3:17  Pylon  
  40  3:19  Probe  
  42  3:25  Probe  
  43  3:31  Probe  
  44  3:37  Probe  
  45  3:43  Probe  
  46  3:49  Probe  
  46  3:53  Nexus  
  46  3:55  Pylon, Probe  
  47  3:59  Assimilator  
  47  4:01  Assimilator, Probe  
  49  4:04  Void Ray (Chrono Boost)  
  49  4:05  Stargate  
  49  4:08  Probe  
  50  4:13  Probe  
  55  4:20  Probe  
  56  4:25  Probe  
  56  4:26  Pylon  
  56  4:30  Zealot  
  59  4:32  Probe  
  60  4:39  Void Ray (Chrono Boost)  
  60  4:40  Probe  
  60  4:43  Forge, Void Ray (Chrono Boost)  
  60  4:44  Probe  
  70  5:06  Probe (Chrono Boost), Void Ray  
  73  5:10  Probe x2 (Chrono Boost), Void Ray (Chrono Boost)  
  77  5:17  Probe (Chrono Boost)  
  77  5:19  Probe x2 (Chrono Boost)  
  77  5:20  Pylon  
  84  5:22  Pylon  
  84  5:23  Assimilator, Probe  
  84  5:25  Assimilator  
  85  5:35  Shield Battery  
  85  5:38  Probe x2, Shield Battery  
  85  5:39  Adept  
  85  5:40  Adept, Void Ray (Chrono Boost)  
  85  5:41  Probe  
  92  5:45  Void Ray (Chrono Boost)  
  92  5:49  Shield Battery  
  94  5:50  Shield Battery  
  98  5:58  Shield Battery  
  98  6:01  Shield Battery  
  98  6:03  Pylon  
  98  6:10  Zealot  
  100  6:16  Shield Battery  
  100  6:21  Shield Battery  
  100  6:22  Void Ray x2 (Chrono Boost)  
  104  6:31  Zealot  
  99  6:36  Probe  
  93  6:52  Void Ray (Chrono Boost)  
  93  6:53  Void Ray (Chrono Boost)  
  93  7:04  Photon Cannon  
  93  7:05  Probe  
  82  7:43  Nexus  
  82  7:58  Pylon  
  82  8:08  Void Ray (Chrono Boost)  
  82  8:16  Pylon  
  82  8:18  Pylon  
  86  8:20  Pylon  
  86  8:22  Pylon, Gateway  
  86  8:23  Photon Cannon  
  86  8:24  Pylon, Gateway x2  
  86  8:34  Probe x2  
  92  8:46  Probe x2  
  82  8:55  Pylon  
Tags
 
Add a new tag
Caveats
  • Supply blocks, unpowered buildings, or Contaminate may cause inaccurate times.
  • Supply counts are checked every 10 seconds.